 Dungeon Crawl Stone Soup version 0.23-a0-143-g1adec7b (webtiles) character file.

515 Inarius the Cutter (level 7, 0/46 HPs)
             Began as a Halfling Fighter on Sept 2, 2018.
             Was an Initiate of Dithmenos.
             Slain by Menkaure (14 damage)
             ... on level 4 of the Dungeon.
             The game lasted 00:06:45 (2915 turns).

Inarius the Cutter (Halfling Fighter)               Turns: 2915, Time: 00:06:46

Health: 0/46       AC:  9    Str: 19    XL:     7   Next: 44%
Magic:  16/16      EV: 10    Int:  6    God:    Dithmenos [......]
Gold:   215        SH: 10    Dex: 14    Spells: 6/6 levels left

rFire    . . .     SeeInvis .   r - +3 dagger
rCold    . . .     Gourm    .   c - +0 shield
rNeg     . . .     Faith    .   j - +0 scale mail (curse)
rPois    .         Spirit   .   (no helmet)
rElec    .         Reflect  .   i - +0 cloak
rCorr    .         Harm     .   o - +0 pair of gloves
MR       .....                  (no boots)
Stlth    +.........             (no amulet)
HPRegen  0.15/turn              u - ring of magical power
MPRegen  0.15/turn              (no ring)

@: hasted, very quick
A: small, mutation resistance 1
a: Renounce Religion


You were on level 4 of the Dungeon.
You worshipped Dithmenos.
Dithmenos was noncommittal.
You were hungry.

You visited 1 branch of the dungeon, and saw 4 of its levels.

You collected 215 gold pieces.

Inventory:

Hand Weapons
 a - a +0 rapier
 r - a +3 dagger (weapon)
Missiles
 k - 90 stones (quivered)
 s - 44 sling bullets
Armour
 c - a +0 shield (worn)
 i - a +0 cloak (worn)
 j - a cursed +0 scale mail (worn)
 o - a +0 pair of gloves (worn)
Jewellery
 u - a ring of magical power (left hand)
Wands
 l - a wand of digging (16)
Scrolls
 h - a scroll of fog
 m - 2 scrolls of remove curse
 v - 2 scrolls of identify
Potions
 b - 2 potions of mutation
 d - a potion of brilliance {unknown}
 e - 2 potions of berserk rage {unknown}
 n - a potion of cancellation
 p - a potion of degeneration {unknown}
 t - a potion of experience {unknown}
Comestibles
 f - 8 rations


   Skills:
 * Level 3.6 Fighting
 + Level 4.9 Short Blades
 + Level 4.6 Armour
 + Level 1.9 Dodging
 * Level 3.5 Stealth
 + Level 4.8 Shields


You had 6 spell levels left.
You didn't know any spells.
Your spell library was empty.

Dungeon Overview and Level Annotations

Branches:
Dungeon (4/15)             Temple (0/1) D:4

Altars:
Dithmenos
Okawaru
Sif Muna
Wu Jian

Annotations:
D:4 Menkaure


Innate Abilities, Weirdness & Mutations

You are small and have problems with some larger weapons.
You are somewhat resistant to further mutation.


Message History

Menkaure is heavily damaged.
Menkaure closely misses you. You block the leopard gecko's attack.
You hit Menkaure but do no damage.
Menkaure is heavily damaged.
Menkaure closely misses you. The leopard gecko bites you.
You are too injured to fight recklessly!
You are too injured to fight recklessly!
You feel yourself speed up. Menkaure completely misses you.
The leopard gecko bites you but does no damage.
You hit Menkaure.
Menkaure is severely damaged.
Menkaure calls on the powers of darkness!
Your body is wracked with pain!
* * * LOW HITPOINT WARNING * * *
The leopard gecko convulses!
The leopard gecko bites you but does no damage.
Your shield prevents you from hitting Menkaure.
Menkaure is severely damaged.
Menkaure hits you!
You die...

§... .... ... ...
##.######.........#
#.......#.#.......#
#.........#.......#
#.......# #S......#
#.....<.# #.......#
#.....l.# #.M.....##
###.....@.###..........
#.......M###...........
#........#.............
#.......†%._......)....
#.....................
#............8.....###
#.................##
#........#....._.##
##########.......#


You could see Menkaure and a leopard gecko.

Vanquished Creatures
  Sigmund (D:2)
  A scorpion (D:2)
  A howler monkey (D:4)
  An orc wizard (D:3)
  2 iguanas
  A worker ant (D:4)
  A hound skeleton (D:4)
  6 adders
  2 oozes
  3 worms
  3 dart slugs
  A leopard gecko (D:3)
  4 orcs
  3 giant cockroaches
  6 goblins
  8 hobgoblins
  11 jackals
  7 kobolds
  2 quokkas
  9 bats
  5 frilled lizards
  3 rats (D:1)
81 creatures vanquished.

Notes
Turn   | Place    | Note
-------+----------+-------------------------------------------
     0 | D:1      | Inarius the Halfling Fighter began the quest for the Orb.
     0 | D:1      | Reached XP level 1. HP: 15/15 MP: 1/1
    94 | D:1      | Reached skill level 1 in Stealth
    94 | D:1      | Reached XP level 2. HP: 20/20 MP: 2/2
   226 | D:1      | Reached XP level 3. HP: 26/26 MP: 3/3
   670 | D:2      | Noticed Sigmund
   705 | D:2      | Reached XP level 4. HP: 31/31 MP: 4/4
   962 | D:2      | Killed Sigmund
   962 | D:2      | Reached skill level 1 in Dodging
   962 | D:2      | Reached XP level 5. HP: 28/36 MP: 5/5
   962 | D:2      | Reached XP level 6. HP: 32/42 MP: 6/6
  1093 | D:2      | Found an ornate altar of the Wu Jian Council.
  1612 | D:2      | Found a deep blue altar of Sif Muna.
  2163 | D:3      | Reached XP level 7. HP: 46/46 MP: 7/7
  2421 | D:4      | Found a shadowy altar of Dithmenos.
  2435 | D:4      | Found an iron altar of Okawaru.
  2440 | D:4      | Became a worshipper of Dithmenos the Shadowed
  2694 | D:4      | Found a staircase to the Ecumenical Temple.
  2861 | D:4      | Noticed Menkaure
  2915 | D:4      | Slain by Menkaure

Vault maps used:
D:1:      lightli_molten_gateway
D:2:      old_standard_altar, led_sif_pool, first_ration, uniq_sigmund
D:4:      grunt_temple_overflow_open, minmay_temple_entry_purple_smoke,
          gammafunk_ghost_necromancy, uniq_menkaure

Skill      XL: |  1  2  3  4  5  6 |
---------------+-------------------+-----
Stealth        | 1 2 3 |  3.5
Fighting       | 3 |  3.6
Short Blades   | 4 |  4.9
Armour         | 4 |  4.6
Dodging        | 1 |  1.9
Shields        | 4 |  4.8

Action                   |  1- 3 |  4- 6 |  7- 9 || total
-------------------------+-------+-------+-------++-------
Melee: Rapier            |   102 |    98 |       ||   200
       Dagger            |       |    50 |   100 ||   150
  Use: Scroll            |     3 |     5 |       ||     8
       Potion            |       |     1 |     1 ||     2
  Eat: Chunk             |       |     4 |     2 ||     6
Armor: Scale mail        |    53 |    38 |    30 ||   121
Dodge: Dodged            |    37 |    37 |    24 ||    98
Block: Shield            |    66 |    74 |    49 ||   189

Table legend:
 A = Non-vault XP
 B = Vault XP
 C = Vault XP percentage of total XP
 D = Non-vault monster count
 E = Vault monster count
 F = Vault count percentage of total count
                 A         B        C        D         E       F
            +---------+---------+-------+---------+---------+-------
      Total |     513 |     223 |  30.3 |      80 |       1 |   1.2
            +---------+---------+-------+---------+---------+-------
        D:1 |      55 |       0 |   0.0 |      28 |       0 |   0.0
        D:2 |     140 |     223 |  61.4 |      25 |       1 |   3.8
        D:3 |     148 |       0 |   0.0 |      18 |       0 |   0.0
        D:4 |     170 |       0 |   0.0 |       9 |       0 |   0.0
            +---------+---------+-------+---------+---------+-------
